 Dungeon Crawl Stone Soup version 0.28-a0-413-gde365fb1df (webtiles) character file.

Game seed: 942899271507259073

854 heikuro the Shield-Bearer (level 8, -7/62 HPs)
             Began as a Formicid Fighter on Sept 7, 2021.
             Was a Priest of Fedhas.
             Mangled by an ogre (19 damage)
             ... on level 4 of the Dungeon.
             The game lasted 00:06:31 (3216 turns).

heikuro the Shield-Bearer (Formicid Fighter)        Turns: 3216, Time: 00:06:32

Health: -7/62      AC: 12    Str: 23    XL:     8   Next: 21%
Magic:  8/8        EV:  3    Int:  8    God:    Fedhas [***...]
Gold:   84         SH: 13    Dex: 10    Spells: 7/7 levels left

rFire   + . .      SeeInvis +   g - +2 short sword (elec)
rCold   + . .      Faith    .   n - +0 tower shield
rNeg    . . .      Spirit   .   o - +0 plate armour
rPois   .          Reflect  .   (helmet unavailable)
rElec   .          Harm     .   p - scarf {rC+ rF+}
rCorr   .          Rampage  .   (no gloves)
Will    .....                   (no boots)
Stlth   ..........              (no amulet)
HPRegen 0.20/turn               (no ring)
MPRegen 0.11/turn               (no ring)

@: no status effects
A: permanent stasis, dig shafts and tunnels, antennae 3, four strong arms
a: Dig, Shaft Self, Renounce Religion, Wall of Briars, Grow Ballistomycete


You were on level 4 of the Dungeon.
You worshipped Fedhas.
Fedhas was most pleased with you.
You visited 1 branch of the dungeon, and saw 4 of its levels.

You collected 133 gold pieces.
You spent 49 gold pieces at shops.

Inventory:

Hand Weapons
 a - a +0 long sword
 g - a +2 short sword of electrocution (weapon)
Missiles
 c - 4 datura-tipped darts
 t - 4 boomerangs of dispersal
Armour
 n - a +0 tower shield (worn)
 o - a +0 plate armour (worn)
 p - a scarf of resistance (worn)
 q - a +0 cloak
Jewellery
 j - a ring of fire
Scrolls
 b - a scroll of torment {unknown}
 e - a scroll of teleportation {unknown}
 i - a scroll of fear {unknown}
 k - a scroll of enchant weapon
 s - a scroll of blinking {unknown}
Potions
 d - 2 potions of might
 f - a potion of flight
 h - a potion of ambrosia
 l - a potion of curing {unknown}
 m - 2 potions of brilliance {unknown}
 r - a potion of haste {unknown}


   Skills:
 + Level 5.3 Fighting
 * Level 5.8 Long Blades
 + Level 5.3 Armour
 + Level 5.9 Shields


You had 7 spell levels left.
You didn't know any spells.
Your spell library contained the following spells:

 Spells                   Type           Power      Damage    Failure   Level
 Animate Skeleton         Necr           0%         N/A       100%        1
 Apportation              Tloc           0%         N/A       100%        1
 Magic Dart               Conj           0%         1d3       100%        1
 Summon Small Mammal      Summ           0%         N/A       100%        1
 Searing Ray              Conj           0%         2d4       100%        2
 Fulminant Prism          Conj/Hex       0%         3d6       100%        4


Dungeon Overview and Level Annotations

Branches:
Dungeon (4/15)
 Temple: D:4-7

Altars:
Fedhas

Shops:
D:3 [


Innate Abilities, Weirdness & Mutations

You cannot be hasted, slowed, berserked, paralysed or teleported.
You can dig through walls and to a lower floor.
You have a pair of large antennae on your head. (SInv)
Your four strong arms can wield two-handed weapons with a shield.


Message History

You hit the orc. Lightning courses through the orc!!
You kill the orc!
Fedhas appreciates your contribution to the ecosystem.
You hit the ogre but do no damage. You block the ogre's attack.
You hit the ogre.
The ogre is lightly wounded.
You block the ogre's attack.
You hit the ogre.
The ogre is lightly wounded.
The ogre barely misses you.
You hit the ogre. Lightning courses through the ogre!
The ogre is almost dead.
You hit the ogre.
The ogre is almost dead.
You block the ogre's attack. The ogre hits you with a +0 giant club!
You puncture the ogre! Lightning courses through the ogre!
You kill the ogre!
Fedhas appreciates your contribution to the ecosystem.
You block the ogre's attack.
You hit the ogre.
The ogre is lightly wounded.
The ogre hits you with a +0 giant club!!
You are too injured to fight recklessly!
You are too injured to fight recklessly!
You are too injured to fight recklessly!
You puncture the ogre!
The ogre is heavily wounded.
The ogre hits you with a +0 giant club!
You barely miss the ogre.
The ogre is moderately wounded.
You block the ogre's attack.
You hit the ogre.
The ogre is heavily wounded.
The ogre hits you with a +0 giant club!
* * * LOW HITPOINT WARNING * * *
You hit the ogre.
The ogre is heavily wounded.
The ogre hits you with a +0 giant club!!
You die...
Fedhas appreciates your contribution to the ecosystem.

#.....#)#..#.#..+
#.........#
§≈≈....#..##..# #
##........#
###≈.####..##..#
#........# +..
#.#..#.#.# #
########## #≈
#....†.#o..#
##)#######'##
#.....#))".#
#.#.#.#O##
#..#..#@##.#
#.#.#.')...#
#.....######
#######


You could see an ogre.

Vanquished Creatures
  A black bear (D:4)
  2 ogres
  A kobold brigand (D:4)
  2 scorpions (D:4)
  3 hounds
  2 orc wizards (D:3)
  Terence (D:3)
  An iguana (D:4)
  A hound skeleton (D:4)
  7 gnolls
  7 adders
  An ufetubus (D:4)
  3 worms
  A dart slug (D:2)
  11 orcs
  4 ball pythons
  2 bats (D:3)
  8 endoplasms
  2 giant cockroaches
  3 goblins (D:4)
  4 hobgoblins
  3 jackals (D:1)
  9 kobolds
  3 frilled lizards
  5 rats
87 creatures vanquished.

Notes
Turn   | Place    | Note
-------+----------+-------------------------------------------
     0 | D:1      | heikuro the Formicid Fighter began the quest for the Orb.
     0 | D:1      | Reached XP level 1. HP: 18/18 MP: 1/1
    96 | D:1      | Reached XP level 2. HP: 24/24 MP: 2/2
   336 | D:1      | Found a faded altar of an unknown god.
   346 | D:1      | Became a worshipper of Fedhas Madash
   346 | D:1      | Reached * piety under Fedhas
   529 | D:2      | Reached XP level 3. HP: 29/29 MP: 3/3
   885 | D:2      | Reached XP level 4. HP: 13/37 MP: 4/4
  1225 | D:3      | Found Ukemegu's Armour Boutique.
  1266 | D:3      | Bought a +0 tower shield for 49 gold pieces
  1317 | D:3      | Reached XP level 5. HP: 36/42 MP: 5/5
  1590 | D:3      | Reached ** piety under Fedhas
  1920 | D:3      | Noticed Terence
  1926 | D:3      | Killed Terence
  1927 | D:3      | Reached XP level 6. HP: 41/48 MP: 6/6
  2421 | D:4      | Noticed an ogre
  2450 | D:4      | Reached skill level 5 in Shields
  2468 | D:3      | Killed an ogre
  2469 | D:3      | Reached XP level 7. HP: 8/55 MP: 7/7
  2768 | D:4      | Reached skill level 5 in Long Blades
  2941 | D:4      | Reached skill level 5 in Fighting
  2947 | D:4      | Reached skill level 5 in Armour
  3048 | D:4      | Reached *** piety under Fedhas
  3189 | D:4      | Identified the +8 hand axe "Spiderbane" {pain, rN+ Str+5}
  3204 | D:4      | Reached XP level 8. HP: 62/62 MP: 8/8
  3216 | D:4      | Mangled by an ogre

Illustrated notes

Levels and vault maps discovered:
D:1:      dpeg_arrival_arbitrary_c, layout_basic,
          dreamdust_ecumenical_altar_statues, minmay_misc_feat_encased,
          glass_columns_a, minmay_pentomino_r2
D:2:      layout_basic
D:3:      layout_rooms, serial_shops, nicolae_shop_trees, fountainhead,
          grunt_ministairs_1, minmay_misc_feat_alley, uniq_terence
D:4:      minmay_clustersquares, layout_basic, serial_shops,
          kennysheep_mini_moat

Skill      XL: |  1  2  3  4  5  6  7 |
---------------+----------------------+-----
Shields        | 4 5 |  5.9
Long Blades    | 3 4 5 |  5.8
Fighting       | 4 5 |  5.3
Armour         | 4 5 |  5.3

Action                   |  1- 3 |  4- 6 |  7- 9 || total
-------------------------+-------+-------+-------++-------
Melee: Long sword        |    36 |       |       ||    36
       Short sword       |    17 |   120 |   109 ||   246
Throw: Dart              |       |     2 |       ||     2
  Use: Scroll            |       |     3 |       ||     3
Armor: Scale mail        |    14 |    34 |       ||    48
       Plate armour      |       |    20 |    60 ||    80
Dodge: Dodged            |    26 |    18 |    11 ||    55
Block: Buckler           |     9 |     1 |       ||    10
       Tower shield      |       |    68 |    90 ||   158

Table legend: (Time is in decaauts)
 A = Elapsed time spent in this place.
 B = Non-inter-level travel time spent in this place.
 C = Inter-level travel time spent in this place.
 D = Time resting spent in this place.
 E = Time spent auto-exploring this place.
 F = Levels seen in this place.
 G = Mean time per level.
                   A        B        C        D        E       F      G
               +--------+--------+--------+--------+--------+-----+--------+
         Total |   3294 |   3240 |     54 |   1083 |   1241 |   4 |  823.5 |
       Dungeon |   3294 |   3240 |     54 |   1083 |   1241 |   4 |  823.5 |
               +--------+--------+--------+--------+--------+-----+--------+

Top non-repeatable levels by time:
     D:3: 1240 daAuts
     D:4: 819 daAuts
     D:2: 704 daAuts
     D:1: 530 daAuts
